[Event "*** Titled Tuesday Blitz"]
[Site "Chess.com"]
[Date "2020.05.05"]
[Round "2"]
[White "TheCavemanChesss"]
[Black "TheoSlade"]
[Result "1-0"]
[WhiteElo "2510"]
[BlackElo "2275"]
[TimeControl "180+1"]
[EndTime "10:15:36 PDT"]
[Termination "TheCavemanChesss won by checkmate"]

1. e4 e5 2. Nf3 Nc6 3. Bb5 Nf6 4. O-O Nxe4 5. Re1 Nd6 6. a4 Be7 7. Nc3 f6 8. d4 exd4 9. Nd5 Nf5 10. g4 O-O 11. gxf5 Bc5 12. Bc4 Kh8 13. Nh4 Ne5 14.
Rxe5 fxe5 15. Qh5 h6 16. Bxh6 Be7 17. Bc1+ Kg8 18. Nf6# 1-0

[Event "*** Titled Tuesday Blitz"]
[Site "Chess.com"]
[Date "2020.05.05"]
[Round "2"]
[White "Batsai"]
[Black "vaishali2001"]
[Result "0-1"]
[WhiteElo "2276"]
[BlackElo "2621"]
[TimeControl "180+1"]
[EndTime "10:15:38 PDT"]
[Termination "vaishali2001 won by resignation"]

1. e4 e5 2. Nf3 Nc6 3. Bb5 a6 4. Ba4 Nf6 5. O-O Be7 6. Re1 b5 7. Bb3 O-O 8. h3 Bb7 9. c3 d5 10. exd5 Nxd5 11. Nxe5 Nxe5 12. Rxe5 Nf4 13. f3 Bd6 14.
Re3 Qg5 15. g4 Nxh3+ 16. Kf1 Qh4 17. Qe1 Bg3 18. Qe2 Nf4 0-1

[Event "*** Titled Tuesday Blitz"]
[Site "Chess.com"]
[Date "2020.05.05"]
[Round "2"]
[White "Raja3401"]
[Black "Oligan22"]
[Result "0-1"]
[WhiteElo "2701"]
[BlackElo "2346"]
[TimeControl "180+1"]
[EndTime "10:15:45 PDT"]
[Termination "Oligan22 won by resignation"]

1. e4 c6 2. Nf3 d5 3. Nc3 dxe4 4.
Nxe4 Nf6 5. Qe2 Qd5 6. Nxf6+ gxf6 7. g3 Na6 8. Bg2 Nb4 9. d3 Bg4 10. h3 Nxc2+ 11. Kf1 Nd4 12. hxg4 Nxe2 13. Kxe2 O-O-O 14. Rd1 Qe6+ 15. Kf1 Qxg4 16. Be3 Kb8 17. Rac1 e5 18.
d4 Bd6 19. Rd2 h5 20. Rcd1 e4 21. Ng1 f5 22. Bh3 Qg6 23. d5 c5 24. Bg2 h4 25.
Nh3 hxg3 26. fxg3 Rxh3 27. Bxh3 Qxg3 0-1

[Event "*** Titled Tuesday Blitz"]
[Site "Chess.com"]
[Date "2020.05.05"]
[Round "2"]
[White "LikeWater"]
[Black "ama18"]
[Result "1/2-1/2"]
[WhiteElo "2712"]
[BlackElo "2499"]
[TimeControl "180+1"]
[EndTime "10:15:49 PDT"]
[Termination "Game drawn by repetition"]

1. e4 c5 2. Nf3 d6 3. Nc3 Nf6 4. e5 dxe5 5. Nxe5 a6 6. g3 Qc7 7.
d4 e6 8. Be3 cxd4 9. Qxd4 Nc6 10. Nxc6 Qxc6 11. O-O-O Be7 12. Rg1 O-O 13. Bg2 Qc7 14.
Bf4 Qa5 15. Qa4 Qb6 16. Be3 Bc5 17. Bxc5 Qxc5 18. Qd4 Qa5 19. Qa4 Qc5 20. Qd4 Qa5 21.
Qa4 Qc5 1/2-1/2

[Event "*** Titled Tuesday Blitz"]
[Site "Chess.com"]
[Date "2020.05.05"]
[Round "2"]
[White "Danfii"]
[Black "youngKID"]
[Result "0-1"]
[WhiteElo "2336"]
[BlackElo "2786"]
[TimeControl "180+1"]
[EndTime "10:15:50 PDT"]
[Termination "youngKID won by resignation"]

1. e4 c5 2. Nf3 Nc6 3. d4 cxd4 4. Nxd4 Nf6 5. Nc3 d6 6. Bg5 a6 7. Qd2 Bd7 8. O-O-O e6 9. f4 b5 10. Bxf6 gxf6 11. Kb1 Qb6 12. Nxc6 Bxc6 13. f5 h5 14. Bd3 b4 15. Ne2 e5 16. Ng3 h4 17. Nf1 Bh6 18. Qe1 Qc5 19. Qxh4 Ke7 20. Qe1 a5 21. g4 a4 22. h4 b3 23. cxb3 axb3 24. a3 Bf4 25. Nd2 Rxa3 26. bxa3 Qxa3 0-1

[Event "*** Titled Tuesday Blitz"]
[Site "Chess.com"]
[Date "2020.05.05"]
[Round "2"]
[White "ManuDavid2910"]
[Black "energie73"]
[Result "1-0"]
[WhiteElo "2626"]
[BlackElo "2314"]
[TimeControl "180+1"]
[EndTime "10:15:52 PDT"]
[Termination "ManuDavid2910 won on time"]

1. e4 e5 2. Nf3 Nc6 3. Bc4 Nf6 4. O-O Nxe4 5. Qe2 d5 6. Bb5 Bd6 7. c4 Nf6 8. d4 e4 9. cxd5 O-O 10. dxc6 exf3 11. Qxf3 bxc6 12. Bxc6 Bg4 13. Qc3 Rb8 14. h3 Be2 15. Re1 Bb4 16. Qc2 Bxe1 17. Qxe2 Ba5 18.
Be3 Nd5 19. Bc1 Rb6 20. Ba4 Re6 21. Be3 Nxe3 22. fxe3 Qxd4 23. exd4 Rxe2 24. Na3 Rxb2 25. Nc4 Rb4 26. Bb3 1-0

[Event "*** Titled Tuesday Blitz"]
[Site "Chess.com"]
[Date "2020.05.05"]
[Round "2"]
[White "jguerramzllo"]
[Black "Cocaino74"]
[Result "1-0"]
[WhiteElo "2638"]
[BlackElo "2341"]
[TimeControl "180+1"]
[EndTime "10:15:53 PDT"]
[Termination "jguerramzllo won by resignation"]

1. c4 e6 2. Nf3 d5 3. g3 dxc4 4. Bg2 Nf6 5. O-O c6 6. Qc2 b5 7. a4 Bb7 8. Nc3 a6 9. b3 cxb3 10. Qxb3 Nbd7 11. d4 Bd6 12. e4 e5 13. Rd1 Qe7 14.
dxe5 Nxe5 15. Nxe5 Qxe5 16. Bf4 Qh5 17. Bxd6 c5 18.
axb5 axb5 19. Qxb5+ 1-0

[Event "*** Titled Tuesday Blitz"]
[Site "Chess.com"]
[Date "2020.05.05"]
[Round "2"]
[White "RubensCezila"]
[Black "platy3"]
[Result "0-1"]
[WhiteElo "2481"]
[BlackElo "2708"]
[TimeControl "180+1"]
[EndTime "10:15:54 PDT"]
[Termination "platy3 won by resignation"]

1. c4 Nf6 2. Nc3 e6 3. e3 d5 4. b3 b6 5. Nf3 Bb7 6. Bb2 Nbd7 7.
Be2 a6 8. O-O Bd6 9. Rc1 O-O 10.
Qc2 dxc4 11. Bxc4 c5 12. a4 Ne5 13. Nxe5 Bxe5 14. f4 Bd6 15. e4 Be7 16. Rce1 Bc6 17. f5 e5 18. Rf3 Qd7 19. Rd3 Qb7 20. Nd5 b5 21. axb5 axb5 22. Nxf6+ Bxf6 23. Bd5 c4 24. bxc4 bxc4 25. Bxc4 Bxe4 26. Rb3 Qa7+ 0-1

[Event "*** Titled Tuesday Blitz"]
[Site "Chess.com"]
[Date "2020.05.05"]
[Round "2"]
[White "tgpgoat"]
[Black "ozates"]
[Result "0-1"]
[WhiteElo "2059"]
[BlackElo "2375"]
[TimeControl "180+1"]
[EndTime "10:15:54 PDT"]
[Termination "ozates won by resignation"]

1. e4 c5 2. Nf3 Nc6 3. d4 cxd4 4. Nxd4 e5 5. Nb5 d6 6. N1c3 a6 7. Na3 b5 8. Nd5 Nge7 9. Bg5 f6 10. Qh5+ g6 11. Nxf6+ Kf7 12. Qf3 Nd4 13. Qd3 h6 14. c3 Ne6 15. Ng4 hxg5 16. Nxe5+ dxe5 17. Qf3+ Kg7 18. Rd1 Qc7 19. Be2 Nf4 20. g3 g4 21. Qe3 Ng2+ 0-1

[Event "*** Titled Tuesday Blitz"]
[Site "Chess.com"]
[Date "2020.05.05"]
[Round "2"]
[White "Haykoooo0o"]
[Black "Dr-Bassem"]
[Result "0-1"]
[WhiteElo "2527"]
[BlackElo "2795"]
[TimeControl "180+1"]
[EndTime "10:15:56 PDT"]
[Termination "Dr-Bassem won by resignation"]

1. d4 e6 2. c4 f5 3. Nf3 Nf6 4. g3 Be7 5. Bg2 O-O 6. O-O d6 7. Nc3 Qe8 8. Qb3 Kh8 9. e4 Nxe4 10. Nxe4 fxe4 11. Nd2 Nc6 12. Nxe4 Nxd4 13. Qd3 e5 14.
Be3 Nf3+ 15. Bxf3 Rxf3 16. Nd2 Rf8 17. f4 Bh3 18. Rf2 exf4 19. Bxf4 Qc6 20. Qd5 Bf6 21.
Ne4 Qxd5 22. cxd5 Bd4 23. Rc1 h6 24. Rxc7 Rae8 0-1

[Event "*** Titled Tuesday Blitz"]
[Site "Chess.com"]
[Date "2020.05.05"]
[Round "2"]
[White "Nellichka"]
[Black "LeonValdes"]
[Result "0-1"]
[WhiteElo "2076"]
[BlackElo "2379"]
[TimeControl "180+1"]
[EndTime "10:16:00 PDT"]
[Termination "LeonValdes won by resignation"]

1. d4 Nf6 2. c4 e6 3. Nc3 Bb4 4. e3 O-O 5. Ne2 c6 6. a3 Ba5 7. b4 Bc7 8. f4 d5 9. c5 b6 10. Ng1 a5 11. Bb2 Ba6 12. Bd3 Bxd3 13. Qxd3 axb4 14.
axb4 Rxa1+ 15. Bxa1 bxc5 16. bxc5 Qc8 17. Nf3 Qa6 18.
Qd2 Ba5 19. Ne5 Ne4 20. Qc1 f6 21. Nf3 Qd3 0-1

[Event "*** Titled Tuesday Blitz"]
[Site "Chess.com"]
[Date "2020.05.05"]
[Round "2"]
[White "SaqoChess_Twitch"]
[Black "bakki78"]
[Result "0-1"]
[WhiteElo "2404"]
[BlackElo "2725"]
[TimeControl "180+1"]
[EndTime "10:16:01 PDT"]
[Termination "bakki78 won by resignation"]

1. d4 Nf6 2. c4 g6 3. Nc3 Bg7 4. Nf3 O-O 5. Bg5 d5 6. Bxf6 Bxf6 7. Nxd5 Bg7 8. e3 c5 9. Be2 cxd4 10. exd4 Nc6 11. O-O e6 12. Nc3 Nxd4 13. Nxd4 Bxd4 14. Qc2 a6 15. Bf3 Qc7 16. Rad1 Qxc4 17. Qe4 e5 18.
Ne2 Bf5 19. Qh4 Rad8 20. b3 Qb4 21. a3 Qb6 22. b4 Bc2 23. Rd2 Bxf2+ 24. Qxf2 Qxf2+ 25.
Rxf2 Rxd2 26. Bxb7 Rd1+ 27. Rf1 Rxf1+ 28. Kxf1 Bd3 29. Kf2 Rb8 30. Bd5 Rc8 31. Ke3 Bb5 32. Kd2 Rd8 33. Nc3 Bc4 0-1

[Event "*** Titled Tuesday Blitz"]
[Site "Chess.com"]
[Date "2020.05.05"]
[Round "2"]
[White "SirMittensofMittensville"]
[Black "Vusatiuk_Vladimir"]
[Result "1-0"]
[WhiteElo "2661"]
[BlackElo "2323"]
[TimeControl "180+1"]
[EndTime "10:16:01 PDT"]
[Termination "SirMittensofMittensville won by resignation"]

1. e4 c5 2. c3 Nf6 3. e5 Nd5 4. Bc4 e6 5. Nf3 d6 6. d4 cxd4 7. cxd4 Nc6 8. Qe2 Be7 9. O-O O-O 10. Bd2 dxe5 11. dxe5 Ndb4 12. Nc3 Nc2 13. Rad1 N2d4 14. Nxd4 Nxd4 15. Qe4 f5 16. exf6 Bxf6 17. Be3 Qc7 18.
Rxd4 Bxd4 19. Qxd4 Bd7 20. Bb3 Kh8 21. Qc5 Qxc5 22.
Bxc5 Rf5 23. Be3 e5 24. Rd1 Bc6 25. Bxa7 Rg5 26. g3 h5 27. Be3 Rg4 28. Be6 Rb4 29.
Rd2 Re8 30. Bf7 Rc8 31. a3 Rg4 32. Be6 1-0

[Event "*** Titled Tuesday Blitz"]
[Site "Chess.com"]
[Date "2020.05.05"]
[Round "2"]
[White "MiroVlasenko"]
[Black "LiemLe"]
[Result "0-1"]
[WhiteElo "2583"]
[BlackElo "2974"]
[TimeControl "180+1"]
[EndTime "10:16:02 PDT"]
[Termination "LiemLe won by resignation"]

1. e4 e5 2. Nc3 Nf6 3. Bc4 Nc6 4. d3 Na5 5. Nge2 Nxc4 6. dxc4 Be7 7. f3 d6 8. Be3 Be6 9. b3 O-O 10. Qd2 c6 11.
O-O-O a6 12. Qe1 Qc7 13. g4 b5 14. Ng3 bxc4 15. g5 Nd7 16. Nf5 Rfe8 17. Rg1 Bf8 18. Rg3 d5 19. Rh3 g6 20. Qh4 h5 21. gxh6 Kh7 22. Rg3 d4 23. Rdg1 Qa5 24. Rxg6 fxg6 25. Rxg6 Bxf5 26. exf5 Qxc3 27. Rg7+ Kh8 28. Bg5 d3 0-1

[Event "*** Titled Tuesday Blitz"]
[Site "Chess.com"]
[Date "2020.05.05"]
[Round "2"]
[White "Witik"]
[Black "archess2"]
[Result "1-0"]
[WhiteElo "2619"]
[BlackElo "2270"]
[TimeControl "180+1"]
[EndTime "10:16:05 PDT"]
[Termination "Witik won by resignation"]

1. d4 d5 2. c4 c6 3. Nc3 Nf6 4. e3 e6 5. Nf3 Nbd7 6. Bd3 dxc4 7.
Bxc4 b5 8. Be2 Bb7 9. O-O b4 10. Na4 c5 11. a3 bxa3 12. b3 Bc6 13. Bxa3 Bxa4 14. bxa4 Nd5 15. Rc1 Rc8 16. e4 Nf4 17. Bb5 Ng6 18. dxc5 a6 19. Bxa6 Bxc5 20. Bxc8 Bxa3 21.
Qxd7+ Qxd7 22. Bxd7+ Kxd7 23. Rfd1+ Ke7 24. Rc7+ Kf6 25.
Rdd7 1-0

[Event "*** Titled Tuesday Blitz"]
[Site "Chess.com"]
[Date "2020.05.05"]
[Round "2"]
[White "Majesth"]
[Black "VerdeNotte"]
[Result "0-1"]
[WhiteElo "2448"]
[BlackElo "2839"]
[TimeControl "180+1"]
[EndTime "10:16:05 PDT"]
[Termination "VerdeNotte won by resignation"]

1. d4 Nf6 2. Nc3 d5 3. Bf4 g6 4. Nb5 Na6 5. e3 Bg7 6. Nf3 O-O 7. c4 c5 8. a3 Ne4 9. cxd5 Bg4 10. Bd3 Qa5+ 11. b4 cxb4 12. Bxe4 bxa3+ 13. Qd2 Qxb5 14. Rxa3 Rac8 15. h3 Bf5 16. Bxf5 gxf5 17. Ra1 Nb4 0-1

[Event "*** Titled Tuesday Blitz"]
[Site "Chess.com"]
[Date "2020.05.05"]
[Round "2"]
[White "THE_PLAYER6"]
[Black "ViktoriyaTarasova"]
[Result "1-0"]
[WhiteElo "2421"]
[BlackElo "2179"]
[TimeControl "180+1"]
[EndTime "10:16:10 PDT"]
[Termination "THE_PLAYER6 won by resignation"]

1. d4 Nf6 2. c4 e6 3. Nc3 Bb4 4.
g3 c5 5. Nf3 O-O 6. Bg2 cxd4 7.
Nxd4 d5 8. cxd5 Nxd5 9. Qb3 Qb6 10. Bxd5 exd5 11. Be3 Bxc3+ 12. Qxc3 Qg6 13. h4 Nc6 14. h5 Qf6 15. h6 Bd7 16. Nxc6 Qxc3+ 17. bxc3 Bxc6 18. hxg7 Rfe8 19. Bd4 Re6 20. Kd2 f6 21. g4 Rae8 22. e3 R8e7 23. g5 fxg5 24. Rxh7 Re8 25. Rah1 Rg6 26. Rh8+ Kf7 27. Rxe8 Bxe8 28. Rh8 Bc6 29. Rf8+ 1-0

[Event "*** Titled Tuesday Blitz"]
[Site "Chess.com"]
[Date "2020.05.05"]
[Round "2"]
[White "Warre"]
[Black "Antipov_Mikhail_Al"]
[Result "0-1"]
[WhiteElo "2453"]
[BlackElo "2868"]
[TimeControl "180+1"]
[EndTime "10:16:11 PDT"]
[Termination "Antipov_Mikhail_Al won by checkmate"]

1. d4 Nf6 2. c4 g6 3. Nc3 d5 4. cxd5 Nxd5 5. e4 Nxc3 6. bxc3 Bg7 7. Nf3 c5 8. Bb5+ Nc6 9. Rb1 a6 10. Bxc6+ bxc6 11. h3 Qa5 12. O-O Qxa2 13. Bg5 h6 14. Be3 O-O 15. Qc1 g5 16. Ne5 Qe6 17. Qa3 f6 18. Nf3 Qxe4 19. Qxc5 Bxh3 20. Nd2 Qxg2# 0-1

[Event "*** Titled Tuesday Blitz"]
[Site "Chess.com"]
[Date "2020.05.05"]
[Round "2"]
[White "Sweafty"]
[Black "yarosavich"]
[Result "1-0"]
[WhiteElo "2515"]
[BlackElo "2714"]
[TimeControl "180+1"]
[EndTime "10:16:13 PDT"]
[Termination "Sweafty won by resignation"]

1. Nf3 d5 2. c4 d4 3. b4 c5 4. e3 Nf6 5. exd4 cxd4 6. Bb2 a5 7. Qa4+ Bd7 8. b5 e5 9. Nxe5 Bc5 10. Be2 O-O 11. Nd3 b6 12. Nxc5 bxc5 13. O-O Bf5 14. Qa3 Nbd7 15. d3 Re8 16. Bf3 Ra7 17. Nd2 Ne5 18. Qxc5 Rc7 19. Qxd4 Bxd3 20. Qxd8 Rxd8 21. Bxe5 Bxf1 22. Bxc7 Rxd2 23. Kxf1 1-0

[Event "*** Titled Tuesday Blitz"]
[Site "Chess.com"]
[Date "2020.05.05"]
[Round "2"]
[White "GMartin_Petrov"]
[Black "CastleOasisChess"]
[Result "1-0"]
[WhiteElo "2603"]
[BlackElo "2135"]
[TimeControl "180+1"]
[EndTime "10:16:13 PDT"]
[Termination "GMartin_Petrov won by resignation"]

1. e4 e6 2. d4 d5 3. Nd2 c6 4. e5 c5 5. c3 Nc6 6. Ngf3 Bd7 7. Bd3 cxd4 8. cxd4 Qb6 9. O-O Rc8 10.
Nb3 Nb4 11. Be2 Ba4 12. Bf4 Bxb3 13. Qxb3 Ne7 14. Rac1 Nbc6 15. Qa4 Nf5 16. g4 Ne7 17. Rc2 Qa5 18. Qb3 Qb4 19. Qxb4 Nxb4 20. Rxc8+ Nxc8 21. Rc1 Nc6 22. Ba6 bxa6 23. Rxc6 Kd7 24. Rc2 h6 25.
Nd2 Bb4 26. Nb3 Nb6 27. Bd2 Bxd2 28. Nc5+ Ke7 29. Rxd2 Nc4 30. Rc2 Rb8 31. b3 a5 32.
bxc4 1-0

[Event "*** Titled Tuesday Blitz"]
[Site "Chess.com"]
[Date "2020.05.05"]
[Round "2"]
[White "KaterynaLagno"]
[Black "sjevtic"]
[Result "1-0"]
[WhiteElo "2633"]
[BlackElo "2318"]
[TimeControl "180+1"]
[EndTime "10:16:16 PDT"]
[Termination "KaterynaLagno won by resignation"]

1. e4 d5 2. exd5 Qxd5 3. Nc3 Qa5 4. d4 c6 5. Nf3 Nf6 6. Bc4 Bg4 7.
h3 Bh5 8. Bd2 e6 9. Nd5 Qd8 10.
Nxf6+ Qxf6 11. g4 Bg6 12. Ne5 Nd7 13. Nxd7 Kxd7 14. Qe2 Bxc2 15. Bc3 Qg6 16. f3 Bd6 17.
Rc1 b5 18. Bxb5 cxb5 19. Qxb5+ Ke7 20. Qb7+ Kf6 21. d5+ e5 22. Qc6 Rhd8 23. Ba5 Rac8 24. Bxd8+ Rxd8 25. Qxc2 1-0

[Event "*** Titled Tuesday Blitz"]
[Site "Chess.com"]
[Date "2020.05.05"]
[Round "2"]
[White "top_bu_tz"]
[Black "lucasmito"]
[Result "1-0"]
[WhiteElo "2229"]
[BlackElo "2425"]
[TimeControl "180+1"]
[EndTime "10:16:17 PDT"]
[Termination "top_bu_tz won by resignation"]

1. e4 e5 2. Nf3 Nc6 3. Bb5 f5 4.
d4 fxe4 5. Nxe5 Nxe5 6. dxe5 c6 7. Nc3 cxb5 8. Nxe4 d5 9. exd6 Nf6 10. O-O Nxe4 11.
Qh5+ g6 12. Qe5+ Kf7 13. Qxh8 Nf6 14. Bh6 Bf5 15. Qxf8+ Qxf8 16. Bxf8 Rxf8 17. Rfe1 Re8 18. Rxe8 Kxe8 19. Re1+ Kd7 20. Re7+ Kxd6 21. Rxb7 Kc6 22. Rxa7 Bxc2 23. Rf7 Nd5 24. Rxh7 b4 25. f3 Bb1 26. a4 Bc2 27. a5 Kb5 28. Ra7 b3 29. a6 Kb6 30. Rd7 Nc7 31. a7 Na8 32. Kf2 Kc6 33. Rg7 1-0

[Event "*** Titled Tuesday Blitz"]
[Site "Chess.com"]
[Date "2020.05.05"]
[Round "2"]
[White "AbdulovOrkhan"]
[Black "PawnEatingZombie"]
[Result "1-0"]
[WhiteElo "2403"]
[BlackElo "2150"]
[TimeControl "180+1"]
[EndTime "10:16:17 PDT"]
[Termination "AbdulovOrkhan won by resignation"]

1. e4 c6 2. d4 d5 3. Nd2 dxe4 4. Nxe4 Bf5 5. Ng3 Bg6 6. Nf3 Nd7 7. h4 h6 8. h5 Bh7 9. Bd3 Bxd3 10. Qxd3 e6 11. Bd2 Ngf6 12. O-O-O Be7 13. Kb1 Qb6 14. c4 Rd8 15. Bc3 O-O 16. Qe2 Bb4 17.
Bxb4 Qxb4 18. Ne5 a5 19. f4 a4 20. f5 exf5 21. Nxf5 a3 22. b3 Rfe8 23. Qe3 Nxe5 24.
dxe5 Rxd1+ 25. Rxd1 Ng4 26. Qg3 g6 27. hxg6 Rxe5 28.
Qxg4 1-0

[Event "*** Titled Tuesday Blitz"]
[Site "Chess.com"]
[Date "2020.05.05"]
[Round "2"]
[White "inegrepus"]
[Black "mitrabhaa"]
[Result "0-1"]
[WhiteElo "2277"]
[BlackElo "2621"]
[TimeControl "180+1"]
[EndTime "10:16:22 PDT"]
[Termination "mitrabhaa won by resignation"]

1. d4 Nf6 2. c4 b6 3. Nf3 Bb7 4. Nc3 g6 5. Qd3 Bg7 6. e4 d6 7. Be2 O-O 8. Be3 Nbd7 9. h3 e5 10. O-O exd4 11. Bxd4 Nc5 12. Bxc5 dxc5 13. Rad1 Qxd3 14.
Bxd3 Rad8 15. Nd5 Nxd5 16. exd5 Bxb2 17. Rfe1 Bf6 18. Kf1 c6 19. Be4 cxd5 20. Bxd5 Bxd5 21. Rxd5 Rxd5 22. cxd5 Rd8 23. Rd1 Bd4 24. Nxd4 Rxd5 25. Ke2 Rxd4 26. Rxd4 cxd4 27. Kd3 Kf8 28. Kxd4 Ke7 29. Kd5 Kd7 30. Ke5 h5 31. Kf6 Ke8 32.
Ke5 Ke7 33. Kd5 Kd7 34. Ke5 a6 35. Kd5 f6 36. g4 hxg4 37. hxg4 g5 38. f3 b5 39. Kc5 Kc7 40. Kd5 Kb6 41. Ke6 a5 42.
Kxf6 b4 43. Ke5 a4 44. Kd4 Kb5 45. f4 gxf4 46. g5 b3 47. axb3 a3 48. Kc3 f3 49.
g6 a2 50. Kb2 f2 51. g7 a1=Q+ 52. Kxa1 f1=Q+ 53. Kb2 Qg2+ 0-1

[Event "*** Titled Tuesday Blitz"]
[Site "Chess.com"]
[Date "2020.05.05"]
[Round "2"]
[White "manuellarrea"]
[Black "spidernv"]
[Result "0-1"]
[WhiteElo "2216"]
[BlackElo "2455"]
[TimeControl "180+1"]
[EndTime "10:16:22 PDT"]
[Termination "spidernv won on time"]

1. e4 c6 2. d4 d5 3. Nc3 dxe4 4. Nxe4 Nf6 5. Nxf6+ exf6 6. Nf3 Bd6 7. Bd3 Bg4 8.
O-O O-O 9. h3 Bh5 10. c4 Bc7 11. Be3 Nd7 12. Re1 Re8 13. b4 Nf8 14. a4 Rb8 15. b5 Qd6 16. g3 Qd7 17. Bf1 Rbd8 18.
Bg2 f5 19. bxc6 bxc6 20. Qd2 Ne6 21. Rab1 f4 22. Bxf4 Nxf4 23. Rxe8+ Rxe8 24. gxf4 Qf5 25. Ne5 Qxb1+ 0-1

[Event "*** Titled Tuesday Blitz"]
[Site "Chess.com"]
[Date "2020.05.05"]
[Round "2"]
[White "ArnaudovP"]
[Black "Quaternitychess"]
[Result "0-1"]
[WhiteElo "2602"]
[BlackElo "2325"]
[TimeControl "180+1"]
[EndTime "10:16:23 PDT"]
[Termination "Quaternitychess won by resignation"]

1. Nf3 d5 2. d4 Bf5 3. c4 e6 4.
Nc3 Nf6 5. Bf4 c6 6. e3 Bd6 7. Bxd6 Qxd6 8. Qb3 b6 9. Rc1 O-O 10. Be2 Nbd7 11. O-O h6 12. cxd5 exd5 13. a3 a6 14. Na2 c5 15. dxc5 bxc5 16. Qa4 Rfb8 17. b4 a5 18. bxc5 Nxc5 19. Qh4 Nce4 20. Nc3 Qxa3 21.
Nxe4 Bxe4 22. Nd4 a4 23. Ra1 Qb2 24. f3 Bg6 25. Qe1 a3 26. Qc1 a2 27. Kf2 Qxc1 28.
Rfxc1 Rb1 29. Rcxb1 axb1=Q 0-1

[Event "*** Titled Tuesday Blitz"]
[Site "Chess.com"]
[Date "2020.05.05"]
[Round "2"]
[White "Echecmat"]
[Black "ega2006"]
[Result "1-0"]
[WhiteElo "2195"]
[BlackElo "2402"]
[TimeControl "180+1"]
[EndTime "10:16:24 PDT"]
[Termination "Echecmat won by resignation"]

1. d4 Nf6 2. c4 g6 3. Nc3 Bg7 4.
e4 d6 5. f3 O-O 6. Be3 c6 7. Qd2 a6 8. g4 b5 9. h4 Nbd7 10. h5 e5 11. d5 bxc4 12. dxc6 Nb6 13. Bh6 d5 14. Bxg7 Kxg7 15. hxg6 fxg6 16. exd5 Nbxd5 17. O-O-O Nxc3 18. Qh6+ Kg8 19. Rxd8 Rxd8 20. bxc3 Be6 21. Ne2 Ra7 22. Ng3 Nd5 23. Bxc4 Rc8 24. Ne4 Rxc6 25. Bxd5 Bxd5 26. Rd1 Rd7 27. g5 1-0

[Event "*** Titled Tuesday Blitz"]
[Site "Chess.com"]
[Date "2020.05.05"]
[Round "2"]
[White "yandry1996"]
[Black "Steven_Rojas"]
[Result "1-0"]
[WhiteElo "2178"]
[BlackElo "2385"]
[TimeControl "180+1"]
[EndTime "10:16:26 PDT"]
[Termination "yandry1996 won by resignation"]

1. e4 e5 2. Nf3 Nc6 3. d4 exd4 4.
Nxd4 Bc5 5. Be3 Qf6 6. c3 Nge7 7. Bc4 d6 8. O-O O-O 9. Nxc6 Nxc6 10. Bxc5 dxc5 11.
Nd2 Be6 12. Qe2 Rfd8 13. Rad1 Ne5 14. Bxe6 Qxe6 15. f4 Nc6 16. Qc4 Qe7 17. Nf3 a6 18. a4 Na5 19. Qe2 c4 20. Rd4 Rxd4 21. Nxd4 Rd8 22. f5 Qe5 23. f6 g6 24. Qg4 h5 25.
Qh4 c5 26. Nf3 Qc7 27. Qg5 Kh7 28. e5 Nc6 29. e6 fxe6 30. Nh4 Qf7 31. Qxc5 Rd5 32.
Qb6 g5 33. Nf3 e5 34. Nxg5+ Kg6 35. Nxf7 Kxf7 36. Qxb7+ Ne7 37. Qxe7+ 1-0

[Event "*** Titled Tuesday Blitz"]
[Site "Chess.com"]
[Date "2020.05.05"]
[Round "2"]
[White "dpopadic"]
[Black "Alexander_Moskalenko"]
[Result "0-1"]
[WhiteElo "2342"]
[BlackElo "2837"]
[TimeControl "180+1"]
[EndTime "10:16:28 PDT"]
[Termination "Alexander_Moskalenko won by checkmate"]

1. e4 c6 2. d4 d5 3. Nd2 dxe4 4.
Nxe4 Nf6 5. Nc3 g6 6. Nf3 Bg7 7.
h3 O-O 8. Bc4 b5 9. Bb3 a5 10.
a4 b4 11. Ne2 Nbd7 12. O-O c5 13. Bg5 Ba6 14. Re1 c4 15. Ba2 Qc7 16. Rc1 e6 17. Qd2 Nb6 18. Bh6 Rfd8 19. Bxg7 Kxg7 20. Ng3 Nxa4 21. c3 Rab8 22. Ne5 bxc3 23. bxc3 Rb2 24. Rc2 Rxc2 25. Qxc2 Nb6 26. Qd2 Nbd7 27. f4 a4 28. Qe2 Nb6 29. h4 Nbd5 30. Qf3 h5 31. Rb1 a3 32.
Kh2 Qa5 33. f5 Qxc3 34. Qf1 Qxd4 35. Nf3 Ng4+ 36. Kh3 Nf4# 0-1

[Event "*** Titled Tuesday Blitz"]
[Site "Chess.com"]
[Date "2020.05.05"]
[Round "2"]
[White "Simoncelli15"]
[Black "Muguet7"]
[Result "0-1"]
[WhiteElo "2236"]
[BlackElo "2466"]
[TimeControl "180+1"]
[EndTime "10:16:33 PDT"]
[Termination "Muguet7 won by resignation"]

1. e4 c5 2. Nf3 e6 3. d4 cxd4 4. Nxd4 a6 5. c4 Nf6 6. Nc3 Qc7 7. a3 d6 8. Be2 Be7 9. O-O O-O 10. Be3 b6 11. Rc1 Bb7 12. f3 Nbd7 13. Qe1 Ne5 14. g4 Rac8 15. g5 Nfd7 16. f4 Ng6 17. h4 Nc5 18. h5 Nh8 19. Bf3 Nd3 20. Qg3 Nxc1 21.
Rxc1 Qd8 22. Nce2 b5 23. g6 hxg6 24. hxg6 Nxg6 25. Nxe6 fxe6 26. Qxg6 Rf6 27. Qg3 Rxc4 28. Rxc4 bxc4 29. e5 dxe5 30. Bxb7 Qd1+ 31. Kf2 exf4 32.
Bxf4 Bc5+ 0-1

[Event "*** Titled Tuesday Blitz"]
[Site "Chess.com"]
[Date "2020.05.05"]
[Round "2"]
[White "Superfelix"]
[Black "APOKALIPSA13"]
[Result "1-0"]
[WhiteElo "2465"]
[BlackElo "2224"]
[TimeControl "180+1"]
[EndTime "10:16:33 PDT"]
[Termination "Superfelix won by resignation"]

1. e4 c6 2. Nc3 d5 3. Qe2 dxe4 4.
Nxe4 Nf6 5. Nxf6+ gxf6 6. g3 Bf5 7. d3 Qc7 8. Bg2 Nd7 9. Nf3 e6 10. h4 Bd6 11. Nd4 O-O-O 12. g4 Qb6 13. Nb3 Bxg4 14. Qxg4 Rhg8 15. Qh3 Be5 16. c3 f5 17. d4 Bd6 18. Be3 f4 19. Bd2 Kb8 20. O-O-O e5 21. Bf3 Nf6 22. Qf5 e4 23. Bxe4 Nxe4 24.
Qxe4 Rde8 25. Qf3 a5 26. Bxf4 Bxf4+ 27. Qxf4+ Ka8 28. Rhe1 a4 29. Nc5 a3 30. b4 Qb5 31.
Rxe8+ Rxe8 32. Qxf7 Rb8 33. Qb3 b6 34. Qxa3+ 1-0

[Event "*** Titled Tuesday Blitz"]
[Site "Chess.com"]
[Date "2020.05.05"]
[Round "2"]
[White "vugarrasulov"]
[Black "Orest_Vovk"]
[Result "1-0"]
[WhiteElo "2793"]
[BlackElo "2421"]
[TimeControl "180+1"]
[EndTime "10:16:34 PDT"]
[Termination "vugarrasulov won by resignation"]

1. e4 Nf6 2. e5 Nd5 3. d4 d6 4. Nf3 dxe5 5. Nxe5 Nd7 6. Nf3 g6 7. Bd3 Bg7 8. O-O O-O 9. Re1 c5 10. c4 Nb4 11. d5 Nxd3 12. Qxd3 Nf6 13. Nc3 Bf5 14. Qe2 Re8 15. Be3 e6 16. dxe6 Rxe6 17. Rad1 Qa5 18. Qd2 Ng4 19. Bf4 Bd4 20. Nxd4 cxd4 21.
Qxd4 Rxe1+ 22. Rxe1 Rd8 23. Bd6 Be6 24. h3 Nh6 25. b4 Qa6 26. c5 Nf5 27. Qf6 Rxd6 28. cxd6 Qxd6 29. Rd1 1-0

[Event "*** Titled Tuesday Blitz"]
[Site "Chess.com"]
[Date "2020.05.05"]
[Round "2"]
[White "chesstrainer2042"]
[Black "tan275"]
[Result "1-0"]
[WhiteElo "2435"]
[BlackElo "2189"]
[TimeControl "180+1"]
[EndTime "10:16:34 PDT"]
[Termination "chesstrainer2042 won on time"]

1. d4 Nf6 2. Bf4 d5 3. e3 c5 4. Nd2 g6 5. Ngf3 Bg7 6. dxc5 O-O 7. c3 Nbd7 8. Nb3 a5 9. a4 Re8 10. Bb5 e5 11. Bg5 e4 12. Nfd4 Re7 13. O-O h6 14.
Bh4 Ne5 15. f3 exf3 16. Nxf3 g5 17. Nxe5 Rxe5 18. Bg3 Bg4 19. Qd2 Ne4 20. Qd3 Nxg3 21. hxg3 Qe7 22. Rae1 h5 23. c4 dxc4 24. Bxc4 Rd8 25.
Rxf7 Qxf7 26. Qxd8+ 1-0